 Dungeon Crawl Stone Soup version 0.23-a0-650-ga4d50d4d25 (webtiles) character file.

382 Fandomethor the Firebug (level 6, -4/45 HPs)
             Began as a Hill Orc Fire Elementalist on Jan 4, 2019.
             Killed by divine providence
             ... invoked by an orc priest
              (16 damage)
             ... on level 4 of the Dungeon.
             The game lasted 00:06:10 (2806 turns).

Fandomethor the Firebug (HOFE)                      Turns: 2806, Time: 00:06:10

Health: -4/45      AC:  7    Str: 13    XL:     6   Next: 76%
Magic:  5/9        EV: 16    Int: 15    God:
Gold:   200        SH:  0    Dex: 11    Spells: 8/9 levels left

rFire    + . .     SeeInvis .   z - +2 hand axe (venom)
rCold    . . .     Gourm    .   (no shield)
rNeg     . . .     Faith    .   i - +0 leather armour
rPois    .         Spirit   .   x - +0 helmet
rElec    .         Reflect  .   w - +0 cloak
rCorr    .         Harm     .   h - +0 pair of gloves
MR       .....                  (no boots)
Stlth    +.........             (no amulet)
HPRegen  0.15/turn              b - +4 ring of evasion
MPRegen  0.11/turn              d - ring of protection from fire

@: no status effects
A: no striking features
a: Convert to Beogh


You were on level 4 of the Dungeon.
You were not hungry.

You visited 1 branch of the dungeon, and saw 4 of its levels.

You collected 200 gold pieces.

Inventory:

Hand Weapons
 l - a +9 club
 z - a +2 hand axe of venom (weapon)
Armour
 a - a +0 robe
 h - a +0 pair of gloves (worn)
 i - a +0 leather armour (worn)
 w - a +0 cloak (worn)
 x - a +0 helmet (worn)
Jewellery
 b - a +4 ring of evasion (left hand)
 d - a ring of protection from fire (right hand)
 y - an uncursed amulet of regeneration {unknown}
 A - an uncursed ring of fire {unknown}
Scrolls
 f - 5 scrolls of identify {unknown}
 g - 2 scrolls of amnesia {unknown}
 j - 2 scrolls of enchant armour {unknown}
 k - a scroll of teleportation {unknown}
 u - a scroll of remove curse {unknown}
 v - 2 scrolls of blinking {unknown}
 C - a scroll of enchant weapon {unknown}
Potions
 c - 2 potions of lignification {unknown}
 e - a potion of curing {unknown}
 m - 2 potions of haste {unknown}
 o - a potion of invisibility {unknown}
 p - 2 potions of heal wounds {unknown}
 q - a potion of ambrosia {unknown}
 r - a potion of berserk rage {unknown}
 s - 3 potions of might {unknown}
 t - 2 potions of brilliance {unknown}
Comestibles
 n - 4 rations
 B - a chunk of flesh


   Skills:
 + Level 3.4 Maces & Flails
 + Level 3.8 Armour
 - Level 2.0 Dodging
 - Level 1.6 Stealth
 - Level 0.4 Unarmed Combat
 - Level 2.0 Spellcasting
 - Level 1.0 Conjurations
 - Level 5.1 Fire Magic


You had 8 spell levels left.
You knew the following spells:

 Your Spells              Type           Power        Failure   Level  Hunger
a - Flame Tongue          Conj/Fire      ##...        8%          1    #......

Your spell library contained the following spells:

 Spells                   Type           Power        Failure   Level  Hunger
 Throw Flame              Conj/Fire      ##....       12%         2    ###....
 Conjure Flame            Conj/Fire      ##......     22%         3    ###....
 Inner Flame              Hex/Fire       #.......     28%         3    ###....
 Sticky Flame             Conj/Fire      ##......     58%         4    #####..
 Fireball                 Conj/Fire      ##........   91%         5    ######.


Dungeon Overview and Level Annotations

Branches:
Dungeon (4/15)
 Temple: D:4-7

Altars:
Nemelex Xobeh


Message History

The orc priest shouts, "Join the one true god or die!"
The orc priest closely misses you.
Casting: Flame Tongue (safe; 8% risk of failure)
Confirm with . or Enter, or press ? or * to list all spells.
Aiming: Flame Tongue (safe; 8% risk of failure)
Press: ? - help, Shift-Dir - straight line, f/p - orc priest
Aim: an orc priest, wielding a +0 trident (almost dead)
The flame tongue hits the orc priest.
You kill the orc priest!
The orc priest shouts, "Surrender to Beogh and we'll let you live!"
The hound barely misses you. The hound bites you but does no damage.
The hound misses you. The hound barely misses you.
The orc priest mumbles some strange prayers to Beogh against you.
Beogh smites you!
* * * LOW HITPOINT WARNING * * *
You see here a cursed +0 hand axe.
The orc priest invokes the aid of Beogh against you.
Beogh smites you!
You die...

......................##รท#
####.################.##.#
#.#.......# ######..#.#
#.#.#####.# #.........#
#.#.#<..#.# #.........#
#.#.#.....# #.........###
#.#.#.....# #............
####.#.##....###))......#######
.......['.....(.@h.o..o.......>
####.####....##########..#####.
#....+....# ##.# ######...##
).# ##### #.# .# .# .. .


You could see a hound, an orc priest and an orc.

Vanquished Creatures
  2 ogres (D:4)
  A hound (D:4)
  An orc priest (D:4)
  Jessica (D:2)
  An orc wizard (D:4)
  3 adders
  2 worms (D:2)
  4 dart slugs
  9 orcs
  2 bats
  2 giant cockroaches
  5 goblins
  6 hobgoblins
  3 jackals (D:3)
  4 kobolds
  2 ball pythons (D:1)
  2 frilled lizards (D:1)
  5 rats
55 creatures vanquished.

Notes
Turn   | Place    | Note
-------+----------+-------------------------------------------
     0 | D:1      | Fandomethor the Hill Orc Fire Elementalist began the quest
                  | for the Orb.
     0 | D:1      | Reached XP level 1. HP: 14/14 MP: 3/3
   630 | D:1      | Reached XP level 2. HP: 13/20 MP: 0/4
  1290 | D:2      | Noticed Jessica
  1293 | D:2      | Killed Jessica
  1293 | D:2      | Reached skill level 1 in Armour
  1293 | D:2      | Reached skill level 4 in Fire Magic
  1293 | D:2      | Reached XP level 3. HP: 8/26 MP: 1/5
  1320 | D:2      | Found a sparkling altar of Nemelex Xobeh.
  1345 | D:2      | HP: 1/26 [rat (3)]
  1566 | D:2      | Reached XP level 4. HP: 19/33 MP: 3/6
  2016 | D:3      | Reached skill level 1 in Maces & Flails
  2277 | D:3      | Reached XP level 5. HP: 17/38 MP: 6/8
  2621 | D:4      | Noticed an ogre
  2630 | D:4      | Killed an ogre
  2659 | D:4      | Noticed an ogre
  2681 | D:4      | Killed an ogre
  2681 | D:4      | Reached skill level 5 in Fire Magic
  2681 | D:4      | Reached XP level 6. HP: 27/45 MP: 5/9
  2806 | D:4      | Killed from afar by an orc priest

Vault maps used:
D:1:      onia_arrival_pyramid
D:2:      nicolae_overflow_hidden_temple, uniq_jessica
D:3:      minmay_starry_boxes
D:4:      dancing_weapons_uskayaw

Skill      XL: |  1  2  3  4  5  6 |
---------------+-------------------+-----
Armour         | 1 2 3 |  3.8
Fire Magic     | 4 5 |  5.1
Spellcasting   | 2 |  2.0
Dodging        | 2 |  2.0
Maces & Flails | 1 2 3 |  3.4
Stealth        | |  1.6
Unarmed Combat | |  0.4
Conjurations   | |  1.0

Action                   |  1- 3 |  4- 6 || total
-------------------------+-------+-------++-------
Melee: Unarmed           |    57 |       ||    57
       Club              |    15 |    57 ||    72
       Hand axe          |       |    17 ||    17
 Cast: Flame Tongue      |    33 |    14 ||    47
 Stab: Sleeping          |     1 |       ||     1
  Eat: Ration            |     1 |       ||     1
       Chunk             |       |     4 ||     4
Armor: Robe              |     1 |       ||     1
       Leather armour    |    16 |    14 ||    30
Dodge: Dodged            |    73 |    69 ||   142

Table legend:
 A = Non-vault XP
 B = Vault XP
 C = Vault XP percentage of total XP
 D = Non-vault monster count
 E = Vault monster count
 F = Vault count percentage of total count
                 A         B        C        D         E       F
            +---------+---------+-------+---------+---------+-------
      Total |     504 |      43 |   7.9 |      51 |       4 |   7.3
            +---------+---------+-------+---------+---------+-------
        D:1 |      20 |       0 |   0.0 |      12 |       0 |   0.0
        D:2 |      46 |      37 |  44.6 |      15 |       1 |   6.2
        D:3 |      64 |       6 |   8.6 |      17 |       3 |  15.0
        D:4 |     374 |       0 |   0.0 |       7 |       0 |   0.0
            +---------+---------+-------+---------+---------+-------
